 Dungeon Crawl Stone Soup version 0.28-a0-43-g560ac104fe (webtiles) character file.

Game seed: 6636071615691285659

56 Lekart the Skirmisher (level 3, -2/34 HPs)
             Began as a Draconian Chaos Knight on July 28, 2021.
             Was a Plaything of Xom.
             Frozen to death by an endoplasm (3 damage)
             ... on level 2 of the Dungeon.
             The game lasted 00:00:52 (931 turns).

Lekart the Skirmisher (Draconian Chaos Knight)       Turns: 931, Time: 00:00:53

Health: -2/34      AC:  5    Str: 15    XL:     3   Next: 71%
Magic:  3/3        EV: 12    Int: 12    God:    Xom [....*.]
Gold:   51         SH:  0    Dex: 10    Spells: 2/2 levels left

rFire   . . .      SeeInvis .   a - +0 falchion (chaos)
rCold   . . .      Faith    .   (no shield)
rNeg    . . .      Spirit   .   (armour unavailable)
rPois   .          Reflect  .   (helmet restricted)
rElec   .          Harm     .   (no cloak)
rCorr   .          Rampage  .   (no gloves)
Will    .....                   (no boots)
Stlth   +.........              (no amulet)
HPRegen 0.11/turn               (no ring)
MPRegen 0.08/turn               (no ring)

@: no status effects
A: AC +5, unfitting armour, cold-blooded
a: Renounce Religion


You were on level 2 of the Dungeon.
You worshipped Xom.
You were a beloved toy of Xom.
You visited 1 branch of the dungeon, and saw 2 of its levels.

You collected 51 gold pieces.

Inventory:

Hand Weapons
 a - a +0 falchion of chaos (weapon)
Scrolls
 b - a scroll of noise {unknown}
 d - a scroll of identify {unknown}
Potions
 c - a potion of invisibility {unknown}
 e - a potion of haste {unknown}


   Skills:
 * Level 4.3 Fighting
 + Level 3.7 Long Blades
 + Level 2.4 Dodging


You had 2 spell levels left.
You didn't know any spells.
Your spell library was empty.

Dungeon Overview and Level Annotations

Branches:
Dungeon (2/15)

Altars:

Shops:
D:1 :


Innate Abilities, Weirdness & Mutations

Your plain brown scales are hard. (AC +5)
You cannot fit into any form of body armour.
You are cold-blooded and may be slowed by cold attacks.


Message History

Something bites you but does no damage. Something bites you.
The goblin hits you with a +0 club.
You are too injured to fight recklessly!
There are monsters nearby!
You are too injured to fight recklessly!
Something barely misses you. The goblin hits you with a +0 club.
Something bites you but does no damage.
You barely miss the goblin. The goblin barely misses you.
You barely miss the goblin. The goblin hits you but does no damage.
You closely miss the goblin. The goblin hits you with a +0 club.
You hit the goblin.
The goblin is heavily wounded.
The goblin closely misses you.
You riposte.
You barely miss the goblin.
The goblin is heavily wounded.
You slash the goblin!
You kill the goblin!
Something bites you but does no damage.
You barely miss something. Something bites you.
* * * LOW HITPOINT WARNING * * *
You miss something. Something bites you but does no damage.
Something bites you.
* * * LOW HITPOINT WARNING * * *
You closely miss something. You tail-slap something.
Reactivating autopickup.
You feel a bit more experienced.
You barely miss the endoplasm. The endoplasm closely misses you.
You barely miss the endoplasm. The endoplasm freezes you.
You are frozen.
* * * LOW HITPOINT WARNING * * *
You hit the endoplasm.
The endoplasm is moderately wounded.
The endoplasm freezes you.
You are frozen.
* * * LOW HITPOINT WARNING * * *
You hit the endoplasm but do no damage.
The endoplasm is moderately wounded.
The endoplasm freezes you.
You are frozen.
You die...

≈≈≈≈#.≈≈....≈....≈.#
≈≈≈≈≈≈≈≈≈≈..≈≈.≈≈≈≈≈.
≈≈≈≈≈≈≈≈≈≈≈≈≈≈≈≈≈≈≈.#
≈.≈≈≈..≈..≈≈.≈≈≈≈≈≈≈.
.≈≈≈≈≈≈≈≈≈≈≈≈≈≈≈≈.≈≈#
#≈.≈≈.$†).≈..≈≈#≈≈≈≈#
##.............#≈≈≈≈#
######.##.....# ≈≈
#@J.†.#.....#
#.##..#.....#
.............#
#.##.##..##.... #
#...... ... ####....
.# #..... # #..####


h h You could see an endoplasm.

Vanquished Creatures
  2 adders (D:2)
  A dart slug (D:1)
  A ball python (D:2)
  2 endoplasms
  2 goblins
  3 hobgoblins
  6 jackals (D:2)
  5 bats
  2 frilled lizards
  6 kobolds
  4 rats
34 creatures vanquished.

Notes
Turn   | Place    | Note
-------+----------+-------------------------------------------
     0 | D:1      | Lekart the Draconian Chaos Knight began the quest for the
                  | Orb.
     0 | D:1      | Reached XP level 1. HP: 19/19 MP: 1/1
    48 | D:1      | Found a faded altar of an unknown god.
   122 | D:1      | Reached XP level 2. HP: 21/27 MP: 2/2
   231 | D:1      | XOM: divination: detect items
   317 | D:1      | Found Ynuxkum's Book Shoppe.
   703 | D:2      | XOM: divination: detect creatures
   708 | D:2      | Reached skill level 4 in Fighting
   708 | D:2      | Reached XP level 3. HP: 28/33 MP: 3/3
   930 | D:2      | HP: 1/34 [frozen (2)]
   931 | D:2      | Frozen to death by an endoplasm

Illustrated notes

Levels and vault maps discovered:
D:1:      minmay_arrival_radiant_lines, layout_loops_ring,
          hellmonk_ecumenical_altar_leap_of_faith, serial_shops,
          nicolae_shop_waterfront, minmay_misc_feat_alley,
          roderic_serpentine_path, minmay_unequal
D:2:      layout_basic, chequers_serial_rivers_large_a

Skill      XL: |  1  2 |
---------------+-------+-----
Fighting       | 4 |  4.3
Long Blades    | |  3.7
Dodging        | |  2.4

Action                   || total
-------------------------++-------
Melee: Falchion          ||    83
       Tailslap          ||     3
 Stab: Sleeping          ||     1
Armor: Skin              ||    43
Dodge: Dodged            ||    60
       Rpst.: Falchion   ||    24

Table legend: (Time is in decaauts)
 A = Elapsed time spent in this place.
 B = Non-inter-level travel time spent in this place.
 C = Inter-level travel time spent in this place.
 D = Time resting spent in this place.
 E = Time spent auto-exploring this place.
 F = Levels seen in this place.
 G = Mean time per level.
                   A        B        C        D        E       F      G
               +--------+--------+--------+--------+--------+-----+--------+
         Total |    944 |    927 |     17 |      0 |    752 |   2 |  472.0 |
       Dungeon |    944 |    927 |     17 |      0 |    752 |   2 |  472.0 |
               +--------+--------+--------+--------+--------+-----+--------+

Top non-repeatable levels by time:
     D:1: 695 daAuts
     D:2: 248 daAuts
